 Dungeon Crawl Stone Soup version 0.21-a0-39-g28ea6b7 (console) character file.

36 nht the Chiller (level 3, 0/24 HPs)
             Began as a Demonspawn Ice Elementalist on June 2, 2017.
             Was an Initiate of Okawaru.
             Succumbed to an adder's poison
             ... on level 2 of the Dungeon.
             The game lasted 00:02:25 (854 turns).

nht the Chiller (Demonspawn Ice Elementalist)        Turns: 854, Time: 00:02:25

Health: 0/24       AC:  3    Str:  8    XL:     3   Next: 19%
Magic:  2/6        EV: 12    Int: 17    God:    Okawaru [......]
Gold:   86         SH:  0    Dex: 13    Spells: 3/6 levels left

rFire    + . .     SeeInvis .   r - +0 hand axe (vamp)
rCold    x . .     Gourm    .   (no shield)
rNeg     . . .     Faith    .   a - +0 robe
rPois    .         Spirit   +   (no helmet)
rElec    .         Reflect  .   (no cloak)
rCorr    .         Harm     .   (no gloves)
MR       .....                  (no boots)
Stlth    ++........             (no amulet)
Regen    0.1/turn               i - ring of fire
MPRegen  0.1/turn               (no ring)

@: lethally poisoned (0 -> -10)
A: rugged brown scales 1, magic shield
a: Renounce Religion


You were on level 2 of the Dungeon.
You worshipped Okawaru.
Okawaru was noncommittal.
You were not hungry.

You visited 1 branch of the dungeon, and saw 2 of its levels.

You collected 86 gold pieces.

Inventory:

Hand Weapons
 j - a +0 falchion of slicing
 r - a +0 vampiric hand axe (weapon)
Armour
 a - a +0 robe (worn)
 e - a +2 shield
Jewellery
 i - a ring of fire (left hand)
Scrolls
 f - a scroll of recharging {unknown}
 h - 2 scrolls of identify
 l - a scroll of enchant armour {unknown}
 n - a scroll of remove curse {unknown}
 o - a scroll of amnesia {unknown}
Potions
 g - a potion of mutation
 p - a potion of curing {unknown}
Books
 b - a book of Frost

   Spells                             Type                      Level
   a - Freeze                         Ice                          1
   b - Throw Frost                    Conjuration/Ice              2
   c - Ozocubu's Armour               Charms/Ice                   3
   d - Throw Icicle                   Conjuration/Ice              4
   e - Summon Ice Beast               Ice/Summoning                4
Comestibles
 c - a bread ration
 d - 3 chunks of flesh
 q - a royal jelly


   Skills:
 + Level 0.8 Axes
 - Level 1.7 Dodging
 - Level 1.7 Stealth
 - Level 2.0 Spellcasting
 - Level 1.0 Conjurations
 - Level 3.7 Ice Magic


You had 3 spell levels left.
You knew the following spells:

 Your Spells              Type           Power        Failure   Level  Hunger
a - Freeze                Ice            ##..         4%          1    #......
b - Throw Frost           Conj/Ice       #.....       11%         2    ###....


Dungeon Overview and Level Annotations

Branches:
Dungeon (2/15)

Altars:
Okawaru


Innate Abilities, Weirdness & Mutations

You are partially covered in rugged brown scales. (AC +1, +3% HP)
When hurt, damage is shared between your health and your magic reserves.


Message History

* * * LOW HITPOINT WARNING * * *
You are more poisoned.
The adder poisons you!
Casting: Freeze
Confirm with . or Enter, or press ? or * to list all spells.
Aiming: Freeze
Press: ? - help, Shift-Dir - straight line, f/p - adder
Aim: an adder (almost dead, slow)
You freeze the adder.
You kill the adder!
Okawaru accepts your kill.
You have reached level 3!
Your experience leads to an increase in your attributes!
Increase (S)trength, (I)ntelligence, or (D)exterity?
You feel clever.
Your demonic ancestry asserts itself...
You feel your magical essence form a protective shroud around your flesh.
* * * LOW HITPOINT WARNING * * *
You feel sick.
It was a potion of cancellation.
You feel magically purged.
You die... █.... █...... █...... +..... █.█... █.█..█ ██████

██ ██████. █.███....█ █.
.......██..██....██████.
......)@.........'......
.................████.█.
.█...............+......
█████████.......████.██
█........███...
█..............
██████.......████.██
█...<█.█............
█████.████............█.


There were no monsters in sight!

Vanquished Creatures
  2 adders (D:2)
  A dart slug (D:2)
  A giant cockroach (D:1)
  4 goblins (D:1)
  2 hobgoblins (D:2)
  4 kobolds
  A ball python (D:2)
  A bat (D:1)
  A rat (D:1)
17 creatures vanquished.

Notes
Turn   | Place    | Note
-------+----------+-------------------------------------------
     0 | D:1      | nht the Demonspawn Ice Elementalist began the quest for the Orb.
     0 | D:1      | Reached XP level 1. HP: 13/13 MP: 3/3
   105 | D:1      | Reached skill level 3 in Ice Magic
   120 | D:1      | Found an iron altar of Okawaru.
   133 | D:1      | Became a worshipper of Warmaster Okawaru
   378 | D:1      | Gained mutation: You are partially covered in rugged brown scales. (AC +1, +3% HP) [demonic ancestry]
   378 | D:1      | Reached XP level 2. HP: 13/19 MP: 3/5
   734 | D:2      | Learned a level 2 spell: Throw Frost
   853 | D:2      | Gained mutation: When hurt, damage is shared between your health and your magic reserves. [demonic ancestry]
   853 | D:2      | Reached XP level 3. HP: 2/24 MP: 2/6
   853 | D:2      | HP: 1/24 [poisoned by an adder]
   854 | D:2      | Succumbed to an adder's poison

Vault maps used:
D:1:      dpeg_arrival_arbitrary_c, okawaru_ov_weapons_minmay
D:2:      gammafunk_temple_overflow_wave, first_bread

Skill      XL: |  1 |
---------------+----+-----
Ice Magic      | 3 |  3.7
Axes           | |  0.8
Dodging        | |  1.7
Stealth        | |  1.7
Spellcasting   | |  2.0
Conjurations   | |  1.0

Action                   || total
-------------------------++-------
Melee: Unarmed           ||     7
       Falchion          ||    16
       Hand axe          ||     4
 Cast: Freeze            ||    25
  Use: Potion            ||     3
       Scroll            ||     1
 Stab: Sleeping          ||     1
  Eat: Meat ration       ||     1
Armor: Robe              ||    10
Dodge: Dodged            ||    32
       Rpst.: Falchion   ||     6
